 Dungeon Crawl Stone Soup version 0.30.1-4-g462c640d31 (webtiles) character file.

Game seed: 10826475952513311272

36 Almogavar the Shield-Bearer (level 3, 0/23 HPs)
             Began as a Gargoyle Fighter on Aug 17, 2023.
             Slain by a hobgoblin (1 damage)
             ... led by Robin
             ... on level 2 of the Dungeon.
             The game lasted 00:03:37 (1440 turns).

Almogavar the Shield-Bearer (Gargoyle Fighter)      Turns: 1440, Time: 00:03:38

Health: 0/23       AC: 11    Str: 21    XL:     3   Next: 37%
Magic:  3/3        EV:  9    Int:  8    God:
Gold:   119        SH:  4    Dex:  9    Spells: 2/2 levels left

rFire   . . .        a - +0 flail
rCold   . . .        c - +0 buckler
rNeg    + . .        b - +0 scale mail
rPois   ∞            m - +0 helmet
rElec   +            (no cloak)
rCorr   .            (no gloves)
SInv    .            (no boots)
Will    .....        (no amulet) Stlth
                     (no ring)
HPRegen 0.23/turn    (no ring)
MPRegen 0.08/turn

%: no passive effects
@: no status effects
A: sickness immunity, AC +3, negative energy resistance 1, electricity
resistance, torment resistance 1, petrification resistance
a: no special abilities


You were on level 2 of the Dungeon.
You visited 1 branch of the dungeon, and saw 3 of its levels.

You collected 119 gold pieces.

Inventory:

Hand Weapons
 a - a +0 flail (weapon)
Armour
 b - a +0 scale mail (worn)
 c - a +0 buckler (worn)
 g - a +0 chain mail
 m - a +0 helmet (worn)
Magical Staves
 e - a staff of fire
 k - a staff of air
Scrolls
 h - a scroll of fear
 j - a scroll of teleportation
 o - a scroll of poison {unknown}
Potions
 d - a potion of might
 i - a potion of haste
 l - a potion of flight


   Skills:
 + Level 3.5 Fighting
 + Level 2.4 Maces & Flails
 + Level 3.7 Armour
 + Level 0.1 Dodging
 + Level 3.8 Shields


You had 2 spell levels left.
You didn't know any spells.
Your spell library was empty.

Dungeon Overview and Level Annotations

Branches:
Dungeon (3/15)

Altars:

Annotations:
D:3 Robin


Innate Abilities, Weirdness & Mutations

You are immune to sickness and miasma.
Your stone body is resilient. (AC +3)
You are immune to poison.
You resist negative energy. (rN+)
You are resistant to electric shocks. (rElec)
You are resistant to unholy torment.
You are immune to petrification.


Message History

The adder bites you but does no damage.
You miss the adder.
The adder is lightly wounded.
The adder closely misses you. The hobgoblin hits you.
The goblin hits you but does no damage. You block the hobgoblin's attack.
The goblin hits you but does no damage.
You barely miss the adder.
The adder is lightly wounded.
The adder barely misses you. The hobgoblin barely misses you.
The goblin hits you but does no damage. The hobgoblin barely misses you.
The goblin closely misses you. You block the adder's attack.
You barely miss the adder.
The adder is lightly wounded.
The adder bites you but does no damage. The hobgoblin closely misses you.
You block the goblin's attack.
The hobgoblin hits you but does no damage.
The goblin hits you but does no damage. The adder bites you but does no damage.
You block the hobgoblin's attack. The goblin hits you with a +0 club.
The hobgoblin hits you but does no damage.
The goblin hits you but does no damage.
You closely miss the hobgoblin. The adder bites you.
The hobgoblin hits you but does no damage.
The goblin barely misses you. You block the hobgoblin's attack.
The goblin barely misses you. The adder closely misses you.
You barely miss the hobgoblin. You block the hobgoblin's attack.
The hobgoblin hits you but does no damage.
The goblin hits you but does no damage. The goblin hits you with a +0 club.
The adder bites you but does no damage.
You hit the hobgoblin.
The hobgoblin is heavily wounded.
You block the adder's attack. You block the hobgoblin's attack.
The goblin barely misses you.
The hobgoblin hits you but does no damage.
The goblin hits you with a +0 club.
* * * LOW HITPOINT WARNING * * *
The adder bites you.
* * * LOW HITPOINT WARNING * * *
The hobgoblin closely misses you. The goblin closely misses you.
The hobgoblin hits you.
You die...

#####.#........................##
......#.##.....########......#.#
......#.....#.#####.....#....#.#
.......######.# #......##....#.#
........#####.# #.#....#######.#
......#.......# #.#....# #.#
......#######.###.#....# #.#
.(....#######..ggS#....#######.#
......#.....#.#g@g.#####.......#
......#.###.#.####.# #.#######
......#.# #.#.# #.# #.# #######.#
#.#.# #.# #.# #.###.#.# #.# #.#
#.#.....# #.# #)# #.#####.#
#.#####.## #.......# #........#
#######.# ##########


You could see an adder, 2 hobgoblins and 2 goblins.

Vanquished Creatures
  2 worms (D:2)
  3 ball pythons
  3 bats (D:1)
  4 endoplasms
  2 hobgoblins (D:1)
  2 frilled lizards
  5 goblins
  3 kobolds (D:1)
  7 rats
31 creatures vanquished.

Notes
Turn   | Place    | Note
-------+----------+-------------------------------------------
     0 | D:1      | Almogavar the Gargoyle Fighter began the quest for the Orb.
     0 | D:1      | Reached XP level 1. HP: 14/14 MP: 1/1
   153 | D:1      | Reached XP level 2. HP: 19/19 MP: 2/2
   683 | D:2      | Found a faded altar of an unknown god.
   918 | D:2      | Reached XP level 3. HP: 23/23 MP: 3/3
  1389 | D:3      | Noticed Robin
  1440 | D:2      | HP: 1/23 [adder (1)]
  1440 | D:2      | Slain by a hobgoblin

Illustrated notes

Levels and vault maps discovered:
D:1:      wheals_arrival_shading, layout_loops_ring
D:2:      layout_basic, nicolae_ecumenical_oubliette
D:3:      layout_rooms, uniq_robin

Action                     || total
---------------------------++-------
  Melee: Flail             ||   111
    Use: Scroll            ||     5
 Armour: Scale mail        ||    91
  Dodge: Dodged            ||    72
  Block: Buckler           ||    45
